 Dungeon Crawl Stone Soup version 0.26-a0-1213-gd52f5182fe (webtiles) character file.

Game seed: 12563390293670630730

1954 sahdkjhfkaj the Spear-Bearer (level 9, -6/68 HPs)
             Began as a Merfolk Gladiator on Dec 30, 2020.
             Mangled by an orc warrior
             ... wielding a +0 glaive
              (25 damage)
             ... on level 7 of the Dungeon on Dec 31, 2020.
             The game lasted 00:16:51 (9897 turns).

sahdkjhfkaj the Spear-Bearer (Merfolk Gladiator)    Turns: 9897, Time: 00:16:52

Health: -6/68      AC:  9    Str: 18    XL:     9   Next: 19%
Magic:  11/11      EV:  8    Int:  7    God:
Gold:   340        SH:  3    Dex: 15    Spells: 8/8 levels left

rFire    . . .     SeeInvis .   a - +0 trident
rCold    . . .     Faith    .   k - +0 buckler
rNeg     + . .     Spirit   .   o - +0 chain mail {rN+}
rPois    .         Reflect  .   c - +0 helmet
rElec    .         Harm     .   v - scarf {+Inv}
rCorr    .         Rampage  .   (no gloves)
Will     .....                  (no boots)
Stlth    ..........             (no amulet)
HPRegen  0.21/turn              (no ring)
MPRegen  0.12/turn              (no ring)

@: lethally poisoned (-6 -> -17)
A: change form in water, swift swim, stealthy swim
a: Evoke Invisibility


You were on level 7 of the Dungeon.
You visited 1 branch of the dungeon, and saw 7 of its levels.
You also visited: Ossuary.

You collected 425 gold pieces.
You spent 85 gold pieces at shops.

Inventory:

Hand Weapons
 a - a +0 trident (weapon)
Missiles
 d - 3 throwing nets (quivered) {!f}
Armour
 c - a +0 helmet (worn)
 k - a +0 buckler (worn)
 o - a +0 chain mail of positive energy (worn)
 v - a scarf of invisibility (worn)
Jewellery
 b - an uncursed ring of positive energy {unknown}
 u - an uncursed ring of wizardry {unknown}
 x - an uncursed ring of fire {unknown}
Wands
 r - a wand of acid (6)
 s - a wand of iceblast (1)
 z - a wand of random effects (7)
Scrolls
 e - 3 scrolls of teleportation {!r}
 f - 2 scrolls of amnesia
 j - 3 scrolls of fog
 m - a scroll of blinking
 n - a scroll of enchant weapon {unknown}
 t - a scroll of remove curse
 y - a scroll of random uselessness {unknown}
 A - 2 scrolls of magic mapping {unknown}
Potions
 g - 3 potions of mutation
 h - a potion of haste
 i - a potion of cancellation
 l - a potion of heal wounds
 p - a potion of invisibility {unknown}
 q - 2 potions of curing {unknown}
 w - a potion of berserk rage {unknown}
 B - a potion of lignification {unknown}


   Skills:
 + Level 5.4 Fighting
 - Level 14.0 Polearms
 - Level 2.0 Throwing
 - Level 1.0 Armour
 - Level 5.0 Dodging
 - Level 3.0 Invocations
 - Level 1.0 Evocations


You had 8 spell levels left.
You didn't know any spells.
Your spell library contained the following spells:

 Spells                   Type           Power        Failure   Level
 Animate Skeleton         Necr           0%           100%        1
 Apportation              Tloc           0%           100%        1
 Corona                   Hex            0%           100%        1
 Summon Small Mammal      Summ           0%           100%        1


Dungeon Overview and Level Annotations

Branches:
Dungeon (7/15)            Ossuary (visited)
 Temple: D:4-7

Altars:
Dithmenos
Elyvilon
Gozag
Kikubaaqudgha
Qazlal

Shops:
D:4 [   D:6 !

Annotations:
D:7 Maggie


Message History

You hit something.
You feel sick. You block something's attack.
The killer bee stings you but does no damage.
The orc warrior hits you from afar with a +0 glaive.
Unknown command.
Unknown command.
Unknown command.
Reach: a) +0 trident
Press: ? - help, Dir - move target You reach to attack!
You hit something but do no damage.
You feel sick. The killer bee stings you. Something hits you.
The killer bee barely misses you.
Unknown command.
Unknown command.
You completely miss something.
You feel sick. Something hits you.
* * * LOW HITPOINT WARNING * * *
The killer bee completely misses you.
The orc warrior hits you from afar with a +0 glaive!!
You die...

###o.............###....#
#..ooo.@..........#...###
##.##############.###...##
#..# #.....TD..#........#
##.## l###.###.#........#
#..# #y#[.$#.##.........
##.## o##.##.#....######
### #..# #. #y#}#.##....#
..####.## . #@###.#.....#
.......# #.##{#.##.....#
<..#..## . #.#.#......#
...#..#. ##.##.##......#
.....##. ..##.#......##
#....#.# #.#.#.......#
#....#.# #†##.......#
....##.# .# ##.#..##....#
##..##†# #. #.##..#
....###


You could see a troll, an orc warrior, an acid dragon, an iguana and 2 killer
bees.

Vanquished Creatures
  A yak (D:7)
  An orc warrior (D:6)
  An ice beast (D:6)
  2 ogres (D:5)
  2 centaurs
  A gnoll sergeant (D:7)
  A bullfrog (D:3)
  2 scorpions
  6 killer bees
  A howler monkey (D:5)
  A centaur zombie (D:5)
  2 hounds
  4 orc wizards
  4 iguanas
  5 worker ants
  4 gnolls (D:7)
  12 adders
  A howler monkey skeleton (D:6)
  2 shadow imps
  2 white imps
  3 ufetubi
  3 oozes
  3 adder skeletons
  4 worms
  A dart slug (D:2)
  3 leopard geckos (D:1)
  17 orcs
  11 bats
  8 giant cockroaches
  A gnoll zombie (Ossuary)
  7 goblins
  7 hobgoblins
  3 jackals (D:7)
  2 quokkas
  5 frilled lizards
  3 hobgoblin zombies (Ossuary)
  6 kobolds
  A kobold zombie (Ossuary)
  An orc zombie (Ossuary)
  17 rats
161 creatures vanquished.

Notes
Turn   | Place    | Note
-------+----------+-------------------------------------------
     0 | D:1      | sahdkjhfkaj the Merfolk Gladiator began the quest for the
                  | Orb.
     0 | D:1      | Reached XP level 1. HP: 16/16 MP: 1/1
    88 | D:1      | Reached skill level 5 in Polearms
    97 | D:1      | Reached XP level 2. HP: 13/22 MP: 2/2
   536 | D:1      | Reached skill level 6 in Polearms
   536 | D:1      | Reached XP level 3. HP: 26/27 MP: 3/3
   833 | D:1      | Reached skill level 7 in Polearms
   833 | D:1      | Reached XP level 4. HP: 17/33 MP: 4/4
  2259 | D:3      | Reached skill level 8 in Polearms
  2280 | D:3      | Reached XP level 5. HP: 38/38 MP: 5/5
  2830 | D:3      | Reached skill level 9 in Polearms
  2923 | D:3      | Found a white marble altar of Elyvilon.
  3073 | D:3      | Reached XP level 6. HP: 44/44 MP: 6/6
  3332 | D:3      | HP: 2/44 [poisoned by an adder]
  4054 | D:4      | Found Vuup's Armour Shop.
  4127 | D:4      | Bought a +0 chain mail of positive energy for 85 gold
                  | pieces
  4396 | D:4      | Reached skill level 10 in Polearms
  4437 | D:4      | Found a sand-covered staircase.
  4721 | Ossuary  | Entered an ossuary
  5057 | D:5      | Entered Level 5 of the Dungeon
  5121 | D:5      | Reached skill level 11 in Polearms
  5121 | D:5      | Reached XP level 7. HP: 40/50 MP: 7/7
  5215 | D:5      | Found a stormy altar of Qazlal.
  5833 | D:5      | Reached skill level 12 in Polearms
  6068 | D:5      | Reached XP level 8. HP: 56/56 MP: 8/8
  6493 | D:6      | Found Cuoxkusk's Distillery.
  6506 | D:6      | Reached skill level 13 in Polearms
  6506 | D:6      | Reached skill level 1 in Invocations
  7227 | D:6      | HP: 3/60 [poisoned by a killer bee]
  7235 | D:6      | HP: 3/60 [poisoned by a killer bee]
  7542 | D:6      | Found Cuoxkusk's Distillery.
  8282 | D:7      | Reached skill level 1 in Evocations
  8317 | D:7      | Reached skill level 1 in Armour
  8363 | D:7      | Reached skill level 5 in Dodging
  9120 | D:7      | Found an ancient bone altar of Kikubaaqudgha.
  9157 | D:7      | Found a shadowy altar of Dithmenos.
  9160 | D:7      | Found an opulent altar of Gozag.
  9232 | D:7      | Noticed Maggie
  9329 | D:7      | Reached skill level 14 in Polearms
  9464 | D:7      | Reached XP level 9. HP: 65/65 MP: 10/10
  9870 | D:7      | Reached skill level 5 in Fighting
  9886 | D:7      | Noticed a troll
  9897 | D:7      | Mangled by an orc warrior

Illustrated notes

Levels and vault maps discovered:
D:1:      saegor_arrival_simple_a, layout_rooms, minmay_misc_feat_columns,
          minmay_tetromino_o2
D:2:      minmay_wonky_spiral, layout_loops_cross, amethyst_killhole
D:3:      minmay_octagon_keep, layout_basic, elyvilon_altar_1
D:4:      layout_rooms, serial_shops, nicolae_shop_crystal,
          nicolae_ossuary_entry_monument
D:5:      layout_loops_ring, grunt_qazlal_sundering
D:6:      layout_layer_cave, serial_shops, nicolae_shop_trees
D:7:      minmay_the_grid_triangle_9x9_rhombus_thin
          [minmay_the_grid_triangle_9x9_windchime,
          minmay_the_grid_triangle_9x9_prize_top_heavy,
          minmay_the_grid_triangle_9x9_minimal,
          minmay_the_grid_triangle_9x9_thin_v], layout_cave_pools, minitemple,
          minmay_temple_entry_butterflies, uniq_maggie, uniq_crazy_yiuf_cottage

Skill      XL: |  1  2  3  4  5  6  7  8  9 |
---------------+----------------------------+-----
Polearms       | 5 6 7 8 9 11 12 14 | 14.0
Invocations    | 2 3 |  3.0
Fighting       | 4 5 |  5.4
Evocations     | 1 |  1.0
Armour         | 1 |  1.0
Dodging        | 5 |  5.0
Throwing       | |  2.0

Action                   |  1- 3 |  4- 6 |  7- 9 || total
-------------------------+-------+-------+-------++-------
Melee: Trident           |    94 |   333 |   365 ||   792
Evoke: Wand              |       |       |     4 ||     4
  Use: Scroll            |       |     7 |     4 ||    11
       Potion            |       |     1 |       ||     1
 Stab: Sleeping          |     1 |     3 |       ||     4
       Distracted        |       |       |     2 ||     2
       Paralysed         |       |       |     1 ||     1
Armor: Leather armour    |    18 |    50 |       ||    68
       Chain mail        |       |    22 |   104 ||   126
Dodge: Dodged            |    54 |   172 |    90 ||   316
Block: Buckler           |       |    34 |    35 ||    69

Table legend: (Time is in decaauts)
 A = Elapsed time spent in this place.
 B = Non-inter-level travel time spent in this place.
 C = Inter-level travel time spent in this place.
 D = Time resting spent in this place.
 E = Time spent auto-exploring this place.
 F = Levels seen in this place.
 G = Mean time per level.
                   A        B        C        D        E       F      G
               +--------+--------+--------+--------+--------+-----+--------+
         Total |   9749 |   9430 |    319 |    931 |   7340 |   8 | 1218.6 |
       Dungeon |   9657 |   9338 |    319 |    931 |   7284 |   7 | 1379.6 |
       Ossuary |     92 |     92 |      0 |      0 |     56 |   1 |   92.0 |
               +--------+--------+--------+--------+--------+-----+--------+

Top non-repeatable levels by time:
     D:6: 2698 daAuts
     D:3: 1913 daAuts
     D:1: 1259 daAuts
     D:5: 1073 daAuts
     D:7: 955 daAuts
     D:4: 918 daAuts
     D:2: 837 daAuts
 Ossuary: 92 daAuts
